 Dungeon Crawl Stone Soup version 0.31-a0-496-g6f97920a28 (webtiles) character file.

Game seed: 3416151353848874764

26 AstroCodex24 the Ducker (level 3, 0/26 HPs)
             Began as an Octopode Fighter on Aug 8, 2023.
             Slain by a goblin
             ... wielding a +0 club
              (4 damage)
             ... on level 3 of the Dungeon.
             The game lasted 00:01:51 (378 turns).

AstroCodex24 the Ducker (Octopode Fighter)           Turns: 378, Time: 00:01:52

Health: 0/26       AC:  1    Str: 17    XL:     3   Next: 8%
Magic:  3/3        EV: 13    Int: 10    God:
Gold:   50         SH:  4    Dex: 11    Spells: 2/2 levels left

rFire   . . .        a - +0 war axe
rCold   . . .        b - +0 buckler
rNeg    . . .        (helmet restricted)
rPois   .            (no amulet)
rElec   .            (no ring)
rCorr   .            (no ring)
SInv    .            (no ring)
Will    .....        (no ring)
Stlth   ++           (no ring)
HPRegen 0.24/turn    (no ring)
MPRegen 0.08/turn    (no ring)
                     (no ring)

%: no passive effects
@: no status effects
A: almost no armour, amphibious, 8 rings, camouflage 1, gelatinous body 1,
(nimble swimmer 1), tentacles
a: no special abilities


You were on level 3 of the Dungeon.
You visited 1 branch of the dungeon, and saw 3 of its levels.

You collected 50 gold pieces.

Inventory:

Hand Weapons
 a - a +0 war axe (weapon)
 k - a +0 spear
Armour
 b - a +0 buckler (worn)
Scrolls
 e - 2 scrolls of enchant weapon {unknown}
 f - a scroll of butterflies {unknown}
 g - a scroll of noise {unknown}
 h - a scroll of poison {unknown}
 i - a scroll of teleportation {unknown}
 l - a scroll of revelation {unknown}
Potions
 c - a potion of might
 d - a potion of heal wounds {unknown}
 j - a potion of attraction {unknown}


   Skills:
 + Level 3.3 Fighting
 + Level 2.2 Axes
 + Level 3.4 Dodging
 + Level 3.2 Shields


You had 2 spell levels left.
You didn't know any spells.
Your spell library contained the following spells:

 Spells                   Type           Power      Damage    Failure   Level
 Summon Forest            Summ/Tloc      0%         N/A       100%        5
 Summon Mana Viper        Hex/Summ       0%         N/A       100%        5
 Summon Cactus Giant      Summ           0%         N/A       100%        6


Dungeon Overview and Level Annotations

Branches:
Dungeon (2/15)

Altars:
Dithmenos


Innate Abilities, Weirdness & Mutations

You cannot wear most types of armour.
You are amphibious.
You can wear up to eight rings at the same time.
Your skin changes colour to match your surroundings (Stealth+).
Your rubbery body absorbs attacks. (AC +1, EV +1)
((You are camouflaged when in or above water. (Stealth+)))
You have tentacles for arms and can constrict up to eight enemies at once.


Message History

You tentacle-slap the ball python.
You kill the ball python!
You slash the frilled lizard!
You kill the frilled lizard!
You have reached level 3!
Your experience leads to an increase in your attributes!
Increase (S)trength, (I)ntelligence, or (D)exterity?
You feel stronger. x2
A goblin comes into view. It is wielding a +0 club.
The goblin shouts! x2
You block the goblin's attack.
The hobgoblin shouts!
The goblin hits you with a +0 dagger of venom.
You are poisoned.
You feel very sick. The goblin misses you. The hobgoblin closely misses you.
You see here a lumpy amethyst potion.
You hit the hobgoblin. You grab the hobgoblin. You squeeze the hobgoblin.
You kill the hobgoblin!
You closely miss the goblin.
You feel very sick. You block the goblin's attack.
You feel sick.
You feel sick.
There is a shadowy altar of Dithmenos here.
The goblin attacks as you move away! You block the goblin's attack.
You feel sick. The goblin attacks as you move away!
You block the goblin's attack.
You feel sick.
You hit the goblin.
You kill the goblin!
You closely miss the goblin.
You feel sick. The goblin hits you with a +0 club.
* * * LOW HITPOINT WARNING * * *
The goblin misses you.
You feel sick.
You are no longer poisoned.
You block the goblin's attack.
You see here a +0 dagger of venom.
The goblin hits you with a +0 club.
You die...

###.# #... ##..# #...#
#.#.###### ###.#.!....##
##g..........##
#.)@.!........#
#.....ยง...........#
....#####..........)# #.
## ##...........#
#.##########............#
#..........#..#........##
#..........#............#
##.......................#
#........................#


You could see a goblin.

Vanquished Creatures
  An adder (D:2)
  2 bats
  2 endoplasms
  A goblin (D:3)
  2 hobgoblins
  2 kobolds (D:2)
  3 ball pythons
  A frilled lizard (D:3)
  3 rats
17 creatures vanquished.

Notes
Turn   | Place    | Note
-------+----------+-------------------------------------------
     0 | D:1      | AstroCodex24 the Octopode Fighter began the quest for the
                  | Orb.
     0 | D:1      | Reached XP level 1. HP: 16/16 MP: 1/1
     0 | D:1      | Noticed an octopode
     1 | D:1      | Noticed a barachi
     4 | D:1      | Noticed a demonspawn
     4 | D:1      | Noticed a ghoul
     7 | D:1      | Noticed a ghoul
     9 | D:1      | Noticed a human
    11 | D:1      | Noticed a ghoul
    11 | D:1      | Noticed a gargoyle
    13 | D:1      | Noticed a dwarf
    13 | D:1      | Noticed a dwarf
    14 | D:1      | Noticed a spriggan
    18 | D:1      | Noticed a gargoyle
    18 | D:1      | Noticed a demonspawn
    24 | D:1      | Noticed an octopode
   171 | D:2      | Found a shadowy altar of Dithmenos.
   181 | D:2      | Reached XP level 2. HP: 17/21 MP: 2/2
   219 | D:2      | You fall into a shaft and drop 1 floor!
   338 | D:3      | Found a shadowy altar of Dithmenos.
   363 | D:3      | Reached XP level 3. HP: 19/26 MP: 3/3
   378 | D:3      | Slain by a goblin

Illustrated notes

Levels and vault maps discovered:
D:1:      shiori_arrival_whats_in_store_for_you, layout_loops_ring,
          serial_shops, shop
D:2:      layout_loops_ring, serial_shops, shop, basic_altar, uniq_robin
D:3:      layout_rooms, grunt_dithmenos_smoke

Action                     || total
---------------------------++-------
  Melee: War axe           ||    25
         Constrict         ||     9
         Tentacles         ||     5
         Punch             ||     3
 Armour: Skin              ||     4
  Dodge: Dodged            ||    32
  Block: Buckler           ||    17

Table legend: (Time is in decaauts)
 A = Elapsed time spent in this place.
 B = Non-inter-level travel time spent in this place.
 C = Inter-level travel time spent in this place.
 D = Time resting spent in this place.
 E = Time spent auto-exploring this place.
 F = Levels seen in this place.
 G = Mean time per level.
                   A        B        C        D        E       F      G
               +--------+--------+--------+--------+--------+-----+--------+
         Total |    387 |    387 |      0 |      0 |      0 |   3 |  129.0 |
       Dungeon |    387 |    387 |      0 |      0 |      0 |   3 |  129.0 |
               +--------+--------+--------+--------+--------+-----+--------+

Top non-repeatable levels by time:
     D:3: 160 daAuts
     D:2: 131 daAuts
     D:1: 94 daAuts
